 Dungeon Crawl Stone Soup version 0.26.0-18-gc5c842f807 (webtiles) character file.

Game seed: 7536136627484104999

588 lessens the Insei (level 7, -11/43 HPs)
             Began as an Octopode Transmuter on Jan 22, 2021.
             Was a Believer of Makhleb.
             Mangled by an orc wizard
             ... wielding a +3 dagger of electrocution
              (18 damage)
             ... on level 4 of the Dungeon.
             The game lasted 00:08:38 (6181 turns).

lessens the Insei (Octopode Transmuter)             Turns: 6181, Time: 00:08:39

Health: -11/43     AC:  2    Str:  7 (10) XL:     7   Next: 38%
Magic:  7/10       EV: 19    Int: 15 (16) God:    Makhleb [**....]
Gold:   89         SH:  0    Dex: 17 (18) Spells: 4/10 levels left

rFire    . . .     SeeInvis .     - Unarmed
rCold    . . .     Faith    .   (shield currently unavailable)
rNeg     . . .     Spirit   .   (helmet currently unavailable)
rPois    x         Reflect  .   (no amulet)
rElec    .         Harm     .   (no ring)
rCorr    .         Rampage  .   (no ring)
Will     .....                  (no ring)
Stlth    ++........             (no ring)
HPRegen  0.14/turn              (no ring)
MPRegen  0.12/turn              (no ring)
                                (no ring)
                                (no ring)

@: spider-form
A: tiny, almost no armour, stealthy swim, (amphibious), 8 rings, (constrict 8)
a: End Transformation, Renounce Religion, Minor Destruction


You were on level 4 of the Dungeon.
You worshipped Makhleb.
Makhleb was pleased with you.
You were a venomous arachnid creature.
You visited 1 branch of the dungeon, and saw 4 of its levels.
You also visited: Ossuary.

You collected 89 gold pieces.

Inventory:

Hand Weapons
 c - a +0 short sword of venom
 f - a +1 dagger of venom
Missiles
 g - 58 stones
 r - 18 poisoned darts
 u - a throwing net
Jewellery
 a - an uncursed amulet of reflection {unknown}
 d - an uncursed ring of magical power {unknown}
Wands
 p - a wand of digging (5)
Scrolls
 b - a scroll of enchant armour {unknown}
 e - a scroll of random uselessness {unknown}
 h - 6 scrolls of identify {unknown}
 i - 2 scrolls of magic mapping {unknown}
 j - a scroll of remove curse {unknown}
 k - a scroll of fear {unknown}
 l - a scroll of fog {unknown}
 n - 4 scrolls of teleportation {unknown}
 q - 3 scrolls of enchant weapon {unknown}
 s - 3 scrolls of blinking {unknown}
 w - a scroll of summoning {unknown}
 y - 5 scrolls of immolation {unknown}
Potions
 m - a potion of brilliance
 o - a potion of haste
 t - a potion of flight {unknown}
 v - 2 potions of curing
 x - a potion of mutation {unknown}
 z - a potion of cancellation {unknown}
 A - a potion of attraction {unknown}
 B - a potion of invisibility {unknown}


   Skills:
 - Level 1.0 Fighting
 - Level 2.0 Dodging
 * Level 5.7 Unarmed Combat
 - Level 2.0 Spellcasting
 - Level 4.7 Transmutations
 - Level 4.0 Poison Magic
 + Level 1.3 Invocations


You had 4 spell levels left.
You knew the following spells:

 Your Spells              Type           Power        Failure   Level
a - Beastly Appendage     Tmut           30%          11%         1
b - Wereblood             Tmut           15%          14%         2
c - Spider Form           Tmut/Pois      7%           26%         3

Your spell library contained the following spells:

 Spells                   Type           Power        Failure   Level
 Animate Skeleton         Necr           2%           43%         1
 Pain                     Necr           4%           43%         1
 Vampiric Draining        Necr           0%           75%         3
 Ice Form                 Ice/Tmut       8%           82%         4
 Animate Dead             Necr           0%           98%         4
 Blade Hands              Tmut           7%           83%         5
 Agony                    Necr           1%           100%        5


Dungeon Overview and Level Annotations

Branches:
Dungeon (4/15)            Ossuary (visited)
 Temple: D:4-7

Altars:
Fedhas
Makhleb
Ru
Sif Muna
Xom
Yredelemnul


Innate Abilities, Weirdness & Mutations

You cannot wear most types of armour.
You are very stealthy in the water. (Stealth+)
((You are amphibious.))
You can wear up to eight rings at the same time.
((You can use your tentacles to constrict eight enemies at once.))
((Your skin changes colour to match your surroundings (Stealth+).))
((Your rubbery body absorbs attacks. (AC +1, EV +1)))


Message History

Makhleb accepts your kill.
You feel better.
The orc priest begins to cast a cantrip, but forgets the words!
The orc wizard hits you but does no damage.
You are electrocuted!!
* * * LOW HITPOINT WARNING * * *
Unknown command.
Okay, then.
Okay, then.
Okay, then.
Okay, then.
You hit the orc wizard.
The orc wizard is poisoned.
The orc wizard is lightly wounded.
The orc priest hits you.
* * * LOW HITPOINT WARNING * * *
It was a potion of curing.
You feel better.
The orc wizard hits you with a +3 dagger of electrocution.
* * * LOW HITPOINT WARNING * * *
You are electrocuted!!
You die...

#.(......... ....##
?##..#.........
#...#.##.#...#$##.#...#
##......... .. #######
..[....^..### .) ######.
............##......#.#.
#......................
#....o)..........[..... .
##.##.os............(...
.(#...##..................
..........)...............
.....#.......8.......[>..
.#..#................... #
#....##8...8.........
##..........#........
##.......8...........
##...##.#.............


You could see an orc priest and an orc wizard (very poisoned).

Vanquished Creatures
  Edmund (D:4)
  3 orc wizards (D:4)
  A gnoll shaman (D:4)
  13 mummies (Ossuary)
  A worker ant zombie (D:3)
  7 gnolls
  4 adders
  A leopard gecko (D:3)
  10 orcs
  6 bats
  5 giant cockroaches
  5 goblins
  3 hobgoblins
  10 jackals
  4 quokkas
  2 ball pythons
  5 frilled lizards
  5 gnoll skeletons (Ossuary)
  3 goblin skeletons (Ossuary)
  7 kobolds
  4 rats
  11 rat skeletons (Ossuary)
111 creatures vanquished.

Notes
Turn   | Place    | Note
-------+----------+-------------------------------------------
     0 | D:1      | lessens the Octopode Transmuter began the quest for the
                  | Orb.
     0 | D:1      | Reached XP level 1. HP: 13/13 MP: 3/3
   270 | D:1      | Reached XP level 2. HP: 18/18 MP: 5/5
  1312 | D:1      | Reached XP level 3. HP: 23/23 MP: 6/6
  1413 | D:2      | Found a blossoming altar of Fedhas.
  1828 | D:2      | Learned a level 2 spell: Wereblood
  1832 | D:2      | Learned a level 3 spell: Spider Form
  2061 | D:2      | Found a basalt altar of Yredelemnul.
  2087 | D:2      | Found a shimmering altar of Xom.
  2090 | D:2      | Found a burning altar of Makhleb.
  2093 | D:2      | Found a shimmering blue altar of Sif Muna.
  2099 | D:2      | Became a worshipper of Makhleb the Destroyer
  2158 | D:3      | Found a sacrificial altar of Ru.
  2251 | D:3      | Reached XP level 4. HP: 22/28 MP: 5/7
  2256 | D:3      | Reached skill level 4 in Unarmed Combat
  2256 | D:3      | Reached skill level 1 in Poison Magic
  3011 | D:3      | Reached * piety under Makhleb
  3418 | D:3      | Reached XP level 5. HP: 19/33 MP: 8/8
  4115 | D:4      | Noticed Edmund
  4128 | D:4      | Killed Edmund
  4129 | D:4      | Reached XP level 6. HP: 26/38 MP: 9/9
  4413 | D:4      | Reached skill level 5 in Unarmed Combat
  4448 | D:4      | Found a sand-covered staircase.
  4457 | Ossuary  | Entered an ossuary
  4822 | Ossuary  | Reached ** piety under Makhleb
  5115 | Ossuary  | Reached XP level 7. HP: 31/43 MP: 10/10
  6078 | Ossuary  | Reached skill level 1 in Invocations
  6180 | D:4      | HP: 1/43 [orc priest (2)]
  6181 | D:4      | Mangled by an orc wizard

Illustrated notes

Levels and vault maps discovered:
D:1:      minmay_arrival_nine_rooms, layout_loops_ring,
          corexii_item_surrounded_by_moat, serial_park_tiny_pond,
          roderic_lattice_a
D:2:      layout_loops_cross, fedhas_altar_1, grunt_temple_overflow_diamond,
          yredelemnul_altar_generic
D:3:      minmay_general_purpose_star, layout_basic,
          nicolae_ru_sacrificial_ziggurat
D:4:      cheibrodos_quashed, layout_cave_pools, nicolae_ossuary_entry_monument,
          minmay_misc_feat_room, uniq_edmund, uniq_crazy_yiuf_cottage

Skill      XL: |  1  2  3  4  5  6  7 |
---------------+----------------------+-----
Transmutations | 3 4 |  4.7
Unarmed Combat | 4 5 |  5.7
Poison Magic   | 2 3 4 |  4.0
Invocations    | 1 |  1.3
Fighting       | |  1.0
Dodging        | |  2.0
Spellcasting   | |  2.0

Action                   |  1- 3 |  4- 6 |  7- 9 || total
-------------------------+-------+-------+-------++-------
Melee: Unarmed           |    34 |    21 |    50 ||   105
       Tentacles         |    16 |    31 |    12 ||    59
       Constrict         |    24 |    44 |    13 ||    81
       Dagger            |    47 |   152 |     8 ||   207
       Short sword       |     4 |       |       ||     4
       Kick              |     2 |     4 |     3 ||     9
       Punch             |     2 |     3 |       ||     5
 Cast: Beastly Appendage |     2 |     2 |     4 ||     8
       Spider Form       |       |     2 |     1 ||     3
  Use: Potion            |     1 |     4 |     1 ||     6
 Stab: Sleeping          |     6 |     3 |     3 ||    12
Armor: Skin              |     3 |    16 |     1 ||    20
Dodge: Dodged            |    52 |    95 |    25 ||   172
